 Dungeon Crawl Stone Soup version 0.31-a0-489-g282fc92437 (webtiles) character file.

Game seed: 686507111500616974

2662 Ethylacetat the Trooper (level 9, -4/49 HPs)
             Began as a Vine Stalker Monk on Aug 8, 2023.
             Was a Believer of Uskayaw.
             Slain by a hornet (10 damage)
             ... on level 7 of the Dungeon.
             The game lasted 00:08:06 (4657 turns).

Ethylacetat the Trooper (Vine Stalker Monk)         Turns: 4657, Time: 00:08:06

Health: -4/49      AC: 10    Str: 18    XL:     9   Next: 63%
Magic:  0/19       EV:  6    Int: 10    God:    Uskayaw [**....]
Gold:   287        SH:  5    Dex: 17    Spells: 20/20 levels left

rFire   . . .        a - +0 hand axe
rCold   + . .        d - orb {light}
rNeg    . . .        s - +0 plate armour
rPois   .            (no helmet)
rElec   .            (no cloak)
rCorr   .            (no gloves)
SInv    .            (no boots)
Will    +....        q - amulet of reflection Stlth
                     l - ring of protection from cold
HPRegen 1.08/turn    (no ring)
MPRegen 0.16/turn

%: reflection, guardian spirit
@: lethally poisoned (-4 -> -11), slowed, glowing, very slow
A: fangs 3, regeneration 1, magic shield, antimagic bite, no potion heal 2
a: Renounce Religion, Stomp, Line Pass


You were on level 7 of the Dungeon.
You worshipped Uskayaw.
Uskayaw was noncommittal.
You visited 1 branch of the dungeon, and saw 7 of its levels.

You collected 287 gold pieces.

Inventory:

Hand Weapons
 a - a +0 hand axe (weapon)
Missiles
 w - a throwing net
Armour
 d - an orb of light (worn)
 s - a +0 plate armour (worn)
Jewellery
 l - a ring of protection from cold (left hand)
 q - an amulet of reflection (around neck)
Wands
 n - a wand of flame (35)
Scrolls
 e - 4 scrolls of identify {unknown}
 f - 2 scrolls of blinking {unknown}
 g - 4 scrolls of teleportation {unknown}
 j - a scroll of immolation {unknown}
 k - 2 scrolls of enchant armour {unknown}
 m - 2 scrolls of vulnerability {unknown}
 u - a scroll of amnesia {unknown}
 v - 3 scrolls of noise {unknown}
 x - a scroll of fear {unknown}
 y - a scroll of revelation {unknown}
Potions
 b - a potion of haste {unknown}
 c - 4 potions of ambrosia
 h - 2 potions of lignification {unknown}
 i - a potion of invisibility {unknown}
 o - 5 potions of curing {unknown}
 p - 2 potions of heal wounds {unknown}
 r - a potion of enlightenment {unknown}
 t - a potion of brilliance {unknown}


   Skills:
 + Level 6.6 Fighting
 + Level 6.6 Axes
 - Level 3.0 Dodging
 + Level 6.0 Spellcasting
 * Level 5.6 Invocations


You had 20 spell levels left.
You didn't know any spells.
Your spell library contained the following spells:

 Spells                   Type           Power      Damage    Failure   Level
 Magic Dart               Conj           12%        1d3       100%        1
 Lesser Beckoning         Tloc           6%         N/A       100%        2
 Searing Ray              Conj           6%         2d4       100%        2
 Gell's Gravitas          Tloc           3%         N/A       100%        3
 Portal Projectile        Hex/Tloc       6%         N/A       100%        3
 Teleport Other           Tloc           3%         N/A       100%        3
 Tukima's Dance           Hex            3%         N/A       100%        3
 Fulminant Prism          Conj/Hex       1%         3d5       100%        4
 Iskenderun's Mystic Bla  Conj/Tloc      3%         2d3       100%        4


Dungeon Overview and Level Annotations

Branches:
Dungeon (7/15)
 Temple: D:4-7

Altars:
Ashenzari
Okawaru
Qazlal
Sif Muna
Uskayaw
Wu Jian
Zin

Shops:
D:2 [   D:6 (


Innate Abilities, Weirdness & Mutations

You have razor-sharp teeth.
Your natural rate of healing is unusually fast.
When hurt, damage is shared between your health and your magic reserves.
Your bite disrupts and absorbs the magic of your enemies.
Potions cannot restore your health.


Message History

You can now pass through a line of other dancers.
Unknown command.
You hit the hornet but do no damage.
The hornet is moderately wounded.
The hornet stings you but does no damage.
The hornet stings you!
You feel as though you will be slow longer.
The hornet stings you.
You feel as though you will be slow longer.
Unknown command.
You barely miss the hornet.
The hornet is moderately wounded.
The hornet stings you!
You are poisoned.
You feel as though you will be slow longer.
The hornet barely misses you.
Unknown command.
Okay, then.
You slash the hornet! Your bite misses the hornet.
The hornet is heavily wounded.
You feel very sick. The hornet stings you.
You feel as though you will be slow longer.
The hornet stings you but does no damage.
Unknown command.
You hit the hornet but do no damage.
The hornet is heavily wounded.
You feel very sick. The hornet stings you!
* * * LOW HITPOINT WARNING * * *
You feel as though you will be slow longer.
The hornet barely misses you.
You barely miss the hornet.
The hornet is heavily wounded.
You feel sick. The hornet stings you.
* * * LOW HITPOINT WARNING * * *
You are lethally poisoned!
You feel as though you will be slow longer.
The hornet stings you!
You die...

#. #.# ###########.#
########........##.#
#....y@..######.##.#
#.......<.# #.##.#
#.#####...#####.##.####
###...##..........#
#........##.##.##.. #
#.#.........#...###
#.###.#.#.######.....#
#.....<...# ##...##
#.......### ##.##


You could see a hornet.

Vanquished Creatures
  Duvessa (D:7)
  2 ice beasts
  An orc warrior (D:6)
  2 black bears (D:6)
  3 phantoms
  A kobold brigand (D:6)
  Blork the orc (D:4)
  A bullfrog (D:5)
  3 scorpions
  A gnoll sergeant (D:6)
  Dowan (D:7)
  6 killer bees (D:7)
  2 howler monkeys (D:5)
  A hound (D:5)
  2 jellies
  7 orc priests
  Jessica (D:2)
  4 iguanas
  10 orc wizards
  2 sleepcaps
  Natasha (thrice) (D:2)
  8 gnolls
  8 adders
  A worm (D:2)
  2 dart slugs (D:4)
  20 orcs
  9 endoplasms
  A giant cockroach (D:4)
  6 goblins
  7 hobgoblins
  10 jackals
  5 quokkas
  6 ball pythons
  2 bats
  A frilled lizard (D:1)
  7 kobolds
  2 rats (D:1)
150 creatures vanquished.

Notes
Turn   | Place    | Note
-------+----------+-------------------------------------------
     0 | D:1      | Ethylacetat the Vine Stalker Monk began the quest for the
                  | Orb.
     0 | D:1      | Reached XP level 1. HP: 11/11 MP: 2/2
    50 | D:1      | Found a faded altar of an unknown god.
    95 | D:1      | Reached XP level 2. HP: 13/16 MP: 3/3
   482 | D:2      | Noticed Natasha
   492 | D:2      | Killed Natasha
   493 | D:2      | Reached XP level 3. HP: 3/20 MP: 4/4
   594 | D:2      | Noticed Natasha
   602 | D:2      | Killed Natasha
   603 | D:2      | Gained mutation: Your natural rate of healing is unusually
                  | fast. [Vine Stalker growth]
   603 | D:2      | Reached XP level 4. HP: 17/24 MP: 2/5
   705 | D:2      | Noticed Natasha
   712 | D:2      | Killed Natasha
   825 | D:3      | Reached skill level 1 in Spellcasting
   825 | D:3      | Reached XP level 5. HP: 24/28 MP: 5/7
  1049 | D:2      | Noticed Jessica
  1052 | D:2      | Killed Jessica
  1206 | D:2      | Found Nocieman's Antique Armour Boutique.
  1655 | D:4      | Reached XP level 6. HP: 12/33 MP: 2/10
  1964 | D:4      | Found a stormy altar of Qazlal.
  1964 | D:4      | Found an ornate altar of the Wu Jian Council.
  2123 | D:4      | Reached XP level 7. HP: 38/38 MP: 10/12
  2148 | D:4      | Found a hide-covered altar of Uskayaw.
  2364 | D:4      | Noticed Blork the orc
  2369 | D:4      | Killed Blork the orc
  2414 | D:4      | Noticed an angel
  2415 | D:4      | Found a glowing silver altar of Zin.
  2564 | D:4      | Became a worshipper of Uskayaw the Reveller
  2564 | D:4      | Reached * piety under Uskayaw
  2601 | D:5      | Entered Level 5 of the Dungeon
  2612 | D:5      | Reached ** piety under Uskayaw
  2642 | D:5      | Reached *** piety under Uskayaw
  2644 | D:5      | Reached skill level 5 in Fighting
  2645 | D:5      | Reached **** piety under Uskayaw
  2648 | D:5      | Reached ***** piety under Uskayaw
  2652 | D:5      | Reached skill level 5 in Axes
  2729 | D:5      | Found an iron altar of Okawaru.
  2866 | D:5      | Gained mutation: You have razor-sharp teeth. [Vine Stalker
                  | growth]
  2866 | D:5      | Reached XP level 8. HP: 29/43 MP: 12/15
  3148 | D:5      | Reached skill level 1 in Invocations
  3193 | D:5      | Found a broken altar of Ashenzari.
  3551 | D:6      | Reached skill level 5 in Spellcasting
  3757 | D:6      | Found Fune's Antique Weapon Emporium.
  3848 | D:6      | Reached XP level 9. HP: 14/48 MP: 4/17
  4190 | D:6      | Found a shimmering blue altar of Sif Muna.
  4444 | D:7      | Noticed Duvessa
  4445 | D:7      | Noticed Dowan
  4456 | D:7      | Killed Duvessa
  4457 | D:7      | Reached skill level 5 in Invocations
  4458 | D:7      | Killed Dowan
  4640 | D:7      | Noticed a hornet
  4649 | D:7      | Paralysed by a hornet for 3 turns
  4657 | D:7      | Slain by a hornet

Illustrated notes

Levels and vault maps discovered:
D:1:      giann_wishing_wells, layout_basic,
          ebering_ecumenical_altar_sacrificial
D:2:      layout_basic, serial_shops, shop, uniq_natasha, uniq_jessica,
          uniq_crazy_yiuf_cottage
D:3:      layout_basic, nicolae_concentric_dashed_squares_mild
D:4:      layout_loops_ring, zin_angel, mainiacjoe_overflow_alcove_1,
          nicolae_overflow_two_pavilions, minmay_diced_spiral,
          uniq_blork_the_orc
D:5:      layout_rooms, old_standard_altar, marbit_many_paths
D:6:      layout_basic, kennysheep_orc_sif_temple, nicolae_stop_n_shop_2
D:7:      layout_loops_corners, lemuel_temple_firewalk_a, uniq_duvessa

Skill      XL: |  1  2  3  4  5  6  7  8  9 |
---------------+----------------------------+-----
Fighting       | 3 4 5 6 |  6.6
Axes           | 3 4 5 6 |  6.6
Dodging        | 3 |  3.0
Spellcasting   | 1 2 3 4 5 6 |  6.0
Invocations    | 3 5 |  5.6

Action                     |  1- 3 |  4- 6 |  7- 9 || total
---------------------------+-------+-------+-------++-------
  Melee: Hand axe          |    45 |   119 |   312 ||   476
         Bite              |    11 |    39 |   135 ||   185
  Evoke: Wand              |       |     2 |       ||     2
   Stab: Paralysed         |       |       |    18 ||    18
 Armour: Robe              |     6 |    10 |       ||    16
         Plate armour      |       |     9 |   158 ||   167
  Dodge: Dodged            |    41 |    77 |    75 ||   193
  Block: Orb               |       |     3 |    61 ||    64

Table legend: (Time is in decaauts)
 A = Elapsed time spent in this place.
 B = Non-inter-level travel time spent in this place.
 C = Inter-level travel time spent in this place.
 D = Time resting spent in this place.
 E = Time spent auto-exploring this place.
 F = Levels seen in this place.
 G = Mean time per level.
                   A        B        C        D        E       F      G
               +--------+--------+--------+--------+--------+-----+--------+
         Total |   4703 |   4430 |    273 |     14 |   3489 |   7 |  671.9 |
       Dungeon |   4703 |   4430 |    273 |     14 |   3489 |   7 |  671.9 |
               +--------+--------+--------+--------+--------+-----+--------+

Top non-repeatable levels by time:
     D:6: 1045 daAuts
     D:4: 973 daAuts
     D:5: 775 daAuts
     D:2: 613 daAuts
     D:3: 554 daAuts
     D:1: 487 daAuts
     D:7: 253 daAuts
